 Dungeon Crawl Stone Soup version 0.21-a0-225-g207ae17 (webtiles) character file.

317 tof the Twirler (level 6, 0/52 HPs)
             Began as a Minotaur Gladiator on Aug 29, 2017.
             Slain by an orc priest
             ... wielding a +0 club
              (2 damage)
             ... on level 4 of the Dungeon.
             The game lasted 00:05:05 (3026 turns).

tof the Twirler (Minotaur Gladiator)                Turns: 3026, Time: 00:05:06

Health: 0/52       AC:  6    Str: 19    XL:     6   Next: 20%
Magic:  5/5        EV: 14    Int:  5    God:
Gold:   202        SH:  0    Dex: 13    Spells: 5/5 levels left

rFire    . . .     SeeInvis .   a - +0 quarterstaff
rCold    . . .     Gourm    .   (shield currently unavailable)
rNeg     . . .     Faith    .   y - +3 leather armour
rPois    .         Spirit   .   c - +0 hat
rElec    .         Reflect  .   (no cloak)
rCorr    .         Harm     .   (no gloves)
MR       .....                  (no boots)
Stlth    +.........             (no amulet)
HPRegen  0.17/turn              (no ring)
MPRegen  0.09/turn              (no ring)

@: lethally poisoned (0 -> -1), hasted and slowed
A: retaliatory headbutt, horns 2
a: no special abilities


You were on level 4 of the Dungeon.
You were not hungry.

You visited 1 branch of the dungeon, and saw 4 of its levels.

You collected 202 gold pieces.

Inventory:

Hand Weapons
 a - a +0 quarterstaff (weapon)
 b - a +0 blowgun
Missiles
 d - 4 throwing nets (quivered)
 v - 21 poisoned needles
 w - 2 curare-tipped needles
Armour
 c - a +0 hat (worn)
 y - a +3 leather armour (worn)
Wands
 p - a wand of paralysis (16/24)
 C - a wand of lightning (8/15)
Scrolls
 e - a scroll of magic mapping {unknown}
 g - a scroll of recharging {unknown}
 h - a scroll of fear {unknown}
 k - 2 scrolls of enchant weapon {unknown}
 n - 4 scrolls of enchant armour {unknown}
 r - a scroll of teleportation {unknown}
 s - a scroll of remove curse {unknown}
Potions
 i - a potion of ambrosia {unknown}
 l - a potion of haste
 m - a potion of might {unknown}
 o - a potion of invisibility {unknown}
 u - a potion of berserk rage {unknown}
 x - a potion of mutation {unknown}
 A - 2 potions of curing {unknown}
Books
 q - a book of Summonings

   Spells                             Type                      Level
   a - Recall                         Summoning/Translocation      3
   b - Aura of Abjuration             Summoning                    5
   c - Summon Demon                   Summoning                    5
   d - Summon Forest                  Summoning/Translocation      5
   e - Summon Mana Viper              Hexes/Summoning              5
   f - Shadow Creatures               Summoning                    6
 t - a book of Callings

   Spells                             Type                      Level
   a - Summon Small Mammal            Summoning                    1
   b - Call Imp                       Summoning                    2
   c - Call Canine Familiar           Summoning                    3
   d - Summon Guardian Golem          Hexes/Summoning              3
   e - Summon Lightning Spire         Summoning/Air                4
   f - Summon Ice Beast               Ice/Summoning                4
Comestibles
 f - 4 bread rations
 j - 2 meat rations
 z - 3 fruits
 D - a royal jelly


   Skills:
 + Level 3.7 Fighting
 * Level 5.0 Staves
 + Level 3.1 Throwing
 * Level 3.9 Armour
 * Level 4.3 Dodging


You had 5 spell levels left.
You didn't know any spells.

Dungeon Overview and Level Annotations

Branches:
Dungeon (4/15)
 Temple: D:4-7

Altars:
The Shining One


Innate Abilities, Weirdness & Mutations

You reflexively headbutt those who attack you in melee.
You have a pair of horns on your head.


Message History

The orc wizard is severely wounded.
You feel sick.
The orc wizard hits you but does no damage.
The orc priest calls upon Beogh to heal the orc.
The orc's wounds heal themselves!
The orc wizard closely misses you. You furiously retaliate!
You headbutt the orc wizard!
You kill the orc wizard!
The orc priest misses you.
A puff of flame appears from out of thin air!
The puff of flame hits you!
* * * LOW HITPOINT WARNING * * *
Things that are here:
a dagger; a robe; an orc corpse It was a potion of haste.
You feel yourself speed up. The orc priest completely misses you.
You furiously retaliate!
You headbutt the orc priest!
* * * LOW HITPOINT WARNING * * *
You feel sick. The orc priest hits you with a club.
You die...

###.##..#######
#....##...#.
###...##....
#......#.#
##....###...
####w....# ..
#####.)o.#..(#
#....o####.#{#
#...@## #.#.o#
#...............
#....#####.......
#....# !.#....(..
###### .##.......
. .......


You could see a worm, an orc priest and an orc.

Vanquished Creatures
  A bullfrog (D:3)
  2 orc priests
  A hound (D:4)
  An orc wizard (D:4)
  6 adders
  A worm (D:2)
  5 dart slugs
  A leopard gecko (D:2)
  4 orcs (D:3)
  5 giant cockroaches
  8 goblins
  5 hobgoblins
  13 kobolds
  2 quokkas (D:3)
  3 ball pythons
  2 bats
  6 frilled lizards
  8 rats
74 creatures vanquished.

Notes
Turn   | Place    | Note
-------+----------+-------------------------------------------
     0 | D:1      | tof the Minotaur Gladiator began the quest for the Orb.
     0 | D:1      | Reached XP level 1. HP: 18/18 MP: 0/0
   267 | D:1      | Reached XP level 2. HP: 25/25 MP: 1/1
   504 | D:1      | Reached skill level 1 in Armour
   903 | D:2      | Reached skill level 4 in Staves
  1101 | D:2      | Reached XP level 3. HP: 30/30 MP: 2/2
  1644 | D:2      | Found a glowing golden altar of the Shining One.
  2130 | D:3      | Reached XP level 4. HP: 34/37 MP: 3/3
  2338 | D:3      | Noticed a bullfrog
  2342 | D:3      | Killed a bullfrog
  2342 | D:3      | Reached XP level 5. HP: 37/45 MP: 4/4
  2852 | D:3      | Reached skill level 5 in Staves
  3014 | D:4      | Reached XP level 6. HP: 18/51 MP: 5/5
  3022 | D:4      | HP: 2/52 [something/puff of flame (8)]
  3026 | D:4      | Slain by an orc priest

Vault maps used:
D:1:      dpeg_arrival_boxorama
D:2:      marbit_many_paths, first_bread, minmay_bisected
D:3:      minmay_fountain_box
D:4:      serial_shops, shop_fountains

Skill      XL: |  1  2  3  4  5 |
---------------+----------------+-----
Armour         | 1 2 3 |  3.9
Staves         | 4 5 |  5.0
Fighting       | 3 |  3.7
Dodging        | 4 |  4.3
Throwing       | 3 |  3.1

Action                   |  1- 3 |  4- 6 || total
-------------------------+-------+-------++-------
Melee: Quarterstaff      |    76 |    65 ||   141
       Headbutt          |    10 |     6 ||    16
 Fire: Blowgun           |       |    12 ||    12
  Use: Potion            |       |     1 ||     1
  Eat: Chunk             |     4 |     3 ||     7
Armor: Ring mail         |    21 |     6 ||    27
       Leather armour    |       |    15 ||    15
Dodge: Dodged            |    45 |    59 ||   104

Table legend:
 A = Spawn XP
 B = Non-spawn XP
 C = Spawn XP percentage of total XP
 D = Spawn monster count
 E = Non-spawn monster count
 F = Spawn count percentage of total count
 G = Total turns spent on level
                    A         B        C        D         E        F      G
               +---------+---------+-------+---------+---------+-------+---------
         Total |      44 |     410 |   9.7 |      10 |      64 |  13.5 |  3026
               +---------+---------+-------+---------+---------+-------+---------
           D:1 |       6 |      20 |  23.1 |       3 |      13 |  18.8 |   755
           D:2 |       8 |      55 |  12.7 |       3 |      22 |  12.0 |  1262
           D:3 |      30 |     199 |  13.1 |       4 |      24 |  14.3 |   950
           D:4 |       0 |     136 |   0.0 |       0 |       5 |   0.0 |    59
               +---------+---------+-------+---------+---------+-------+---------
